 Dungeon Crawl Stone Soup version 0.26.1-11-gd32895ea62 (webtiles) character file.

Game seed: 13998716053319821907

79 pascalblue the Conjurer (level 4, -5/24 HPs)
             Began as a Deep Elf Conjurer on June 10, 2021.
             Slain by an orc warrior
             ... wielding a +0 battleaxe
              (13 damage)
             ... on level 2 of the Dungeon.
             The game lasted 00:06:21 (1521 turns).

pascalblue the Conjurer (Deep Elf Conjurer)         Turns: 1521, Time: 00:06:22

Health: -5/24      AC:  2    Str:  4    XL:     4   Next: 16%
Magic:  2/11       EV: 13    Int: 24    God:
Gold:   125        SH:  0    Dex: 13    Spells: 7/10 levels left

rFire    . . .     SeeInvis .   m - +0 hand axe
rCold    . . .     Faith    .   (no shield)
rNeg     . . .     Spirit   .   a - +0 robe
rPois    .         Reflect  .   (no helmet)
rElec    .         Harm     .   (no cloak)
rCorr    .         Rampage  .   (no gloves)
Will     .....                  (no boots)
Stlth    ++........             (no amulet)
HPRegen  0.08/turn              (no ring)
MPRegen  0.12/turn              (no ring)

@: no status effects
A: no striking features
a: no special abilities


You were on level 2 of the Dungeon.
You visited 1 branch of the dungeon, and saw 2 of its levels.

You collected 125 gold pieces.

Inventory:

Hand Weapons
 m - a +0 hand axe (weapon)
Armour
 a - a +0 robe (worn)
Wands
 l - a wand of polymorph (1)
Potions
 b - a potion of magic {unknown}
 d - a potion of degeneration {unknown}
 f - a potion of attraction {unknown}
 g - 3 potions of might
 h - a potion of curing {unknown}
 i - a potion of mutation {unknown}
 j - a potion of cancellation {unknown}
 k - a potion of heal wounds {unknown}


   Skills:
 - Level 2.6 Dodging
 - Level 2.6 Stealth
 + Level 3.8 Spellcasting
 * Level 5.8 Conjurations


You had 7 spell levels left.
You knew the following spells:

 Your Spells              Type           Power        Failure   Level
a - Magic Dart            Conj           100%         1%          1
b - Searing Ray           Conj           64%          1%          2

Your spell library contained the following spells:

 Spells                   Type           Power        Failure   Level
 Dazzling Flash           Conj/Hex       36%          9%          3
 Fulminant Prism          Conj/Hex       9%           30%         4
 Iskenderun's Mystic Bla  Conj/Tloc      18%          30%         4


Dungeon Overview and Level Annotations

Branches:
Dungeon (2/15)

Altars:


Message History

You see here a +0 club.
A bat comes into view.
Found a stone staircase leading down.
The bat misses you.
You completely miss the bat. The bat hits you but does no damage.
The bat completely misses you.
The orc warrior hits you with a +0 battleaxe!
Ouch! That really hurt!
* * * LOW HITPOINT WARNING * * *
Casting: Searing Ray (safe; 1% risk of failure)
Confirm with . or Enter, or press ? or * to list all spells.
Aiming: Magic Dart (safe; 1% risk of failure)
Press: ? - help, Shift-Dir - straight line, f - bat, p - orc warrior
Aim: a bat (0% to evade)
The magic dart hits the bat.
The bat is moderately wounded.
The bat barely misses you.
The orc warrior hits you with a +0 battleaxe!
Ouch! That really hurt!
You die...

+.......##
+.......# #.#
#........ #.###
####.. #..>
.......†.. #...
.)........ #..
.......... #.#
..#....... ##.#
#..#..... #b@#
......# ###o##
......# #...#
......#### #.###
<........## #.#
.....###..###.#
#########.[##.#####
...............)..#
..................#


You could see an orc warrior and a bat.

Vanquished Creatures
  Terence (D:2)
  An adder (D:2)
  A worm (D:2)
  A leopard gecko (D:1)
  2 orcs (D:2)
  4 bats
  A giant cockroach (D:2)
  5 goblins
  4 hobgoblins
  3 jackals (D:1)
  4 kobolds
  A quokka (D:2)
  A frilled lizard (D:1)
  8 rats
37 creatures vanquished.

Notes
Turn   | Place    | Note
-------+----------+-------------------------------------------
     0 | D:1      | pascalblue the Deep Elf Conjurer began the quest for the
                  | Orb.
     0 | D:1      | Reached XP level 1. HP: 10/10 MP: 6/6
   238 | D:1      | Reached XP level 2. HP: 15/15 MP: 6/8
   702 | D:1      | Reached skill level 5 in Conjurations
  1088 | D:1      | Learned a level 2 spell: Searing Ray
  1165 | D:2      | Reached XP level 3. HP: 19/19 MP: 5/9
  1437 | D:2      | Noticed Terence
  1438 | D:2      | Noticed an orc warrior
  1474 | D:2      | Killed Terence
  1475 | D:2      | Reached XP level 4. HP: 24/24 MP: 7/11
  1521 | D:2      | Slain by an orc warrior

Illustrated notes

Levels and vault maps discovered:
D:1:      dpeg_arrival_more_subterranean_lakeside_camping, layout_basic,
          serial_bayou, serial_bayou_lagoon_b, serial_bayou_crossing
D:2:      layout_rooms, general_overflow_altar, nicolae_tso_carved_into_rock,
          minivault_14, minmay_tiny_reverse_x, uniq_terence

Skill      XL: |  1  2 |
---------------+-------+-----
Conjurations   | 5 |  5.8
Dodging        | |  2.6
Stealth        | |  2.6
Spellcasting   | |  3.8

Action                   |  1- 3 |  4- 6 || total
-------------------------+-------+-------++-------
Melee: Unarmed           |    18 |       ||    18
       Hand axe          |       |     1 ||     1
 Cast: Magic Dart        |    47 |     5 ||    52
       Searing Ray       |     2 |     1 ||     3
  Use: Scroll            |       |     2 ||     2
 Stab: Confused          |     2 |       ||     2
Armor: Robe              |     2 |     1 ||     3
       Skin              |     1 |       ||     1
Dodge: Dodged            |    11 |     4 ||    15
